 Dungeon Crawl Stone Soup version 0.30-a0-393-g54b8e3be05 (webtiles) character file.

Game seed: 3746177784038650526

43582 lunkers the Warrior (level 15, -2/144 HPs)
             Began as a Meteoran Fighter on Dec 5, 2022.
             Was the Champion of Jiyva.
             Slain by a jorogumo (8 damage)
             ... on level 4 of the Spider Nest.
             The game lasted 00:33:02 (7026 turns).

lunkers the Warrior (Meteoran Fighter)              Turns: 7026, Time: 00:33:03

Health: -2/144     AC: 25    Str: 22    XL:     15   Next: 3%
Magic:  15/16      EV: 18    Int:  9    God:    Jiyva [******]
Gold:   611        SH:  5    Dex: 21    Spells: 14/14 levels left

rFire   + . .      SeeInvis +    t - +3 dire flail (venom)
rCold   . . .      Faith    .    (shield currently unavailable)
rNeg    . . .      Spirit   .    I - +0 fire dragon scales
rPois   .          Reflect  +    (helmet restricted)
rElec   .          Harm     .    (no cloak)
rCorr   +          Rampage  .    (no gloves)
Will    +....                    (no boots)
Stlth   ..........               L - amulet of reflection
HPRegen 2.04/turn                C - ring of ice
MPRegen 0.65/turn                m - +4 ring of protection

@: lethally poisoned (-2 -> -3), slowed, glowing, very slow
A: sense surroundings 2, otherworldly, glowing, explore regen, horns 2,
iridescent scales 3, agile 1, wild magic 3, eyeballs 3, gelatinous body 2, jelly
sensing items, jelly absorbing missiles, MP-powered wands
a: Renounce Religion, Oozemancy, Slimify


You were on level 4 of the Spider Nest.
You worshipped Jiyva.
Jiyva was exalted by your worship.
You visited 4 branches of the dungeon, and saw 21 of its levels.
You also visited: Bailey.

You collected 611 gold pieces.

Inventory:

Hand Weapons
 a - a +0 flail
 t - a +3 dire flail of venom (weapon)
 A - a +4 flail
Missiles
 n - 12 boomerangs
 s - 15 curare-tipped darts
 B - a throwing net
Armour
 b - a +1 scale mail
 c - a +0 buckler
 f - a +0 tower shield
 h - the +6 ring mail of Wonawk {rElec rC- rCorr Int-2}
   (You found it on level 7 of the Dungeon)

   Int:       It affects your intelligence (-2).
   rC:        It makes you vulnerable to cold.
   rElec:     It insulates you from electricity.
   rCorr:     It protects you from acid and corrosion.
 o - a +2 robe of fire resistance
 I - +0 fire dragon scales (worn)
Jewellery
 i - a ring of see invisible
 j - a ring of fire
 m - a +4 ring of protection (right hand)
 C - a ring of ice (left hand)
 G - a +6 ring of dexterity
 L - an amulet of reflection (around neck)
Wands
 p - a wand of paralysis (3)
 x - a wand of quicksilver (6)
 y - a wand of iceblast (1)
Scrolls
 k - 4 scrolls of identify
 l - 3 scrolls of enchant armour
 u - a scroll of blinking
 v - 3 scrolls of butterflies
 E - 4 scrolls of amnesia
 F - 4 scrolls of teleportation
 J - a scroll of silence
Potions
 d - 4 potions of mutation
 e - 4 potions of curing
 g - 3 potions of flight
 q - 7 potions of heal wounds
 r - a potion of invisibility
 z - 3 potions of attraction
 D - a potion of lignification
 H - a potion of haste
 K - a potion of cancellation {unknown}
Miscellaneous
 w - a condenser vane


   Skills:
 + Level 16.2 Fighting
 - Level 14.0 Maces & Flails
 - Level 15.0 Armour
 - Level 10.0 Dodging
 - Level 3.6 Shields
 - Level 9.0 Evocations


You had 14 spell levels left.
You didn't know any spells.
Your spell library contained the following spells:

 Spells                   Type           Power      Damage    Failure   Level
 Magic Dart               Conj           0%         1d3       87%         1
 Sting                    Tmut/Pois      0%         1d3       87%         1
 Poisonous Vapours        Pois/Air       0%         N/A       94%         2
 Sublimation of Blood     Necr           0%         N/A       94%         2
 Wereblood                Tmut           0%         N/A       94%         2
 Portal Projectile        Hex/Tloc       0%         N/A       99%         3
 Tukima's Dance           Hex            0%         N/A       99%         3
 Olgreb's Toxic Radiance  Pois           0%         N/A       100%        4
 Petrify                  Tmut/Erth      0%         N/A       100%        4
 Blade Hands              Tmut           0%         N/A       100%        5
 Fireball                 Conj/Fire      0%         3d3       100%        5
 Iskenderun's Battlesphe  Conj           0%         2d6       100%        5
 Metabolic Englaciation   Hex/Ice        0%         N/A       100%        5
 Conjure Ball Lightning   Conj/Air       0%         3x3d6     100%        6
 Statue Form              Tmut/Erth      0%         N/A       100%        6
 Orb of Destruction       Conj           0%         9d5       100%        7
 Summon Hydra             Summ           0%         N/A       100%        7


Dungeon Overview and Level Annotations

Branches:
Dungeon (11/15) Zot: 2499  Temple (1/1) D:6 Zot: 574    Lair (5/5) D:11 Zot: 1165
 Spider (4/4) Lair:2 Zot: 1764  Bailey (visited)
  Swamp: Lair:2-3    Shoals: Lair:2-3     Slime: Lair:4-5       Orc: D:9-12

Altars:
Ashenzari
Cheibriados
Elyvilon
Fedhas
Gozag
Kikubaaqudgha
Nemelex Xobeh
Okawaru
Ru
Trog
Uskayaw
Vehumet
Wu Jian
Yredelemnul
Zin
The Shining One
Jiyva

Shops:
D:3 (   D:8 (

Annotations:
Lair:4 exclusion: oklob plant


Innate Abilities, Weirdness & Mutations

You passively map the area around you.
You are easily found by Zot.
You glow in the dark.
You regain HP and MP as you explore.
You have a pair of horns on your head.
You are completely covered in iridescent scales. (AC +6)
You are agile. (Dex +4, Str/Int -1)
Your spells are much harder to cast, but much more powerful.
Your body is covered in eyes which may confuse attackers. (Acc +7, SInv)
Your pliable body absorbs attacks. (AC +2, EV +2)
You have a small jelly attached to you that senses nearby items.
You have a small jelly attached to you that may absorb projectiles.
You expend magic power (3 MP) to strengthen your wands.


Message History

* * * LOW HITPOINT WARNING * * *
You are lethally poisoned!
You feel yourself slow down.
A broodmother comes into view.
The jorogumo stares at you and mumbles some strange words.
The bolt of negative energy misses you.
You hear a faint skittering sound.
You feel much better.
You feel extremely sick.
The redback closely misses the jorogumo.
The jorogumo casts a spell at you.
The stream of webbing hits you but does no damage.
You are even more entangled.
A tarantella comes into view.
The jorogumo barely misses you.
Aiming: Iceblast
Press: ? - help, Shift-Dir - straight line, f - redback
Aim: a redback (confused)
You feel a surge of power!
The mass of ice explodes!
The iceblast engulfs the redback!!!
You kill the redback!
The iceblast engulfs the tarantella!!!
You kill the tarantella!
The iceblast engulfs the jorogumo!!
The jorogumo is severely wounded.
You feel yourself speed up.
You feel very sick.
You hear a skittering sound. x2
The jorogumo hits you!
* * * LOW HITPOINT WARNING * * *
You feel yourself slow down.
The broodmother summons spiders!
The jorogumo casts a spell at you.
The stream of webbing hits you but does no damage.
You are even more entangled.
A redback comes into view.
The web tears apart.
You feel very sick.
The jorogumo is no longer covered in acid.
The jorogumo hits you!
You die...

* , * , , ##.#* , ,,,
...## ,, , ##..^# ,* ^,
#~...## , * *
###s....## , ,^
#^#~......^# ,
........H..^# ## ,
^^...^.ss.@..###.# ,
~~....s†##...^##..####
* * #...s.#
##...##.....## # ~
#^....^##^..^##......##
# , ##......~....#
#^.....# # ,
.^..........^#
#...<..## # * ,
##...^#.#...^#
##^.....### . ,
#^.~###°###^.#
##......## #
#^###...##...##.##
##.......#


You could see a broodmother, a jorogumo, 2 orb spiders, a jumping spider
(summoned) and a redback.

Vanquished Creatures
  Rupert (Lair:3)
  An emperor scorpion (Spider:4)
  A spark wasp (Spider:3)
  4 entropy weavers
  A fire dragon (Lair:5)
  Fannar (D:10)
  4 hydras
  A jorogumo (Spider:4)
  A catoblepas (Lair:5)
  A radroach (Spider:1)
  A boulder beetle (Lair:1)
  3 death yaks (Lair:3)
  A fire crab (Lair:5)
  2 pharaoh ants
  A steelbarb worm (Spider:4)
  4 wolf spiders
  7 black mambas
  2 molten gargoyles (Lair:5)
  A torpor snail (Spider:4)
  8 cane toads
  2 demonic crawlers (Spider:4)
  A rime drake (Lair:4)
  9 komodo dragons
  A troll (D:9)
  A polar bear (Lair:1)
  5 tarantellas (Spider:4)
  8 blink frogs (Lair:3)
  2 shadows (D:10)
  6 culicivoras
  6 jumping spiders
  7 wyverns
  A vampire (D:11)
  19 yaks
  A steam dragon (Lair:5)
  4 basilisks
  7 redbacks
  Edmund (D:6)
  2 acid dragons
  5 water moccasins
  4 hell hounds (Lair:5)
  4 orc warriors
  A black bear (Lair:4)
  2 sky beasts
  5 wolves (Lair:5)
  An ogre (D:6)
  A centaur (D:8)
  A phantom (D:5)
  6 kobold brigands (Bailey)
  7 bullfrogs
  2 gnoll sergeants
  7 wights
  2 scorpions (D:4)
  2 killer bees (D:9)
  A jelly (Lair:3)
  A howler monkey (D:6)
  5 lava snakes (Lair:5)
  A hound (D:6)
  3 orc priests
  A gnoll bouda (D:5)
  Ijyb (D:3)
  Natasha (D:3)
  An iguana (D:5)
  4 orc wizards
  12 gnolls
  4 adders
  A shadow imp (D:7)
  3 white imps
  A worm (D:2)
  A dart slug (D:5)
  19 orcs
  4 bats
  9 giant cockroaches
  5 goblins
  7 hobgoblins
  8 jackals
  9 ball pythons
  A frilled lizard (D:3)
  12 kobolds
  7 rats
301 creatures vanquished.

Vanquished Creatures (collateral kills)
  Roxanne (Spider:4)
  A broodmother (Spider:4)
  A jorogumo (Spider:2)
  2 orb spiders (Spider:4)
  A jumping spider (Spider:4)
6 creatures vanquished.

Vanquished Creatures (others)
  A cane toad (Lair:1)
  A redback (Spider:4)
  2 water moccasins (Lair:5)
  37 jellies
  A killer bee (D:9)
  Jessica (D:3)
  A gnoll (D:5)
  2 orcs
  An endoplasm (D:3)
  4 giant cockroaches (D:3)
  A jackal (D:1)
  2 kobolds (D:3)
  2 bushes (Lair:4)
  22 fungi
  38 plants
116 creatures vanquished.

Grand Total: 423 creatures vanquished

Notes
Turn   | Place    | Note
-------+----------+-------------------------------------------
     0 | D:1      | lunkers the Meteoran Fighter began the quest for the Orb.
     0 | D:1      | Reached XP level 1. HP: 19/19 MP: 2/2
    49 | D:1      | Reached XP level 2. HP: 25/26 MP: 3/3
   254 | D:1      | Reached XP level 3. HP: 31/31 MP: 4/4
   256 | D:1      | Found a faded altar of an unknown god.
   266 | D:1      | Got Plato's Catalogue of Battle Magic
   267 | D:1      | Prayed at the altar of an unknown god.
   267 | D:1      | Became a worshipper of Jiyva Juboqauj the Shapeless
   267 | D:1      | Reached * piety under Jiyva
   518 | D:2      | Reached skill level 5 in Maces & Flails
   543 | D:2      | Reached XP level 4. HP: 15/38 MP: 5/5
   611 | D:2      | Reached ** piety under Jiyva
   723 | D:3      | Killed Jessica
   745 | D:3      | Noticed Natasha
   753 | D:3      | Killed Natasha
   754 | D:3      | Reached XP level 5. HP: 41/45 MP: 6/6
   814 | D:3      | Noticed Ijyb
   819 | D:3      | Paralysed by Ijyb for 3 turns
   824 | D:3      | Paralysed by Ijyb for 4 turns
   841 | D:3      | Killed Ijyb
   893 | D:3      | Found Edara's Antique Weapon Emporium.
   906 | D:3      | Found an ancient bone altar of Kikubaaqudgha.
  1017 | D:4      | Reached XP level 6. HP: 51/51 MP: 7/7
  1055 | D:4      | Found an iron altar of Okawaru.
  1057 | D:4      | Found a sacrificial altar of Ru.
  1057 | D:4      | Found a basalt altar of Yredelemnul.
  1148 | D:4      | Found a snail-covered altar of Cheibriados.
  1148 | D:4      | Found a broken altar of Ashenzari.
  1157 | D:4      | Reached *** piety under Jiyva
  1173 | D:4      | Gained mutation: You expend magic power (3 MP) to
                  | strengthen your wands. [Jiyva's grace]
  1173 | D:4      | Gained mutation: Your rubbery body absorbs attacks. (AC +1,
                  | EV +1) [Jiyva's grace]
  1173 | D:4      | Gained mutation: Your pliable body absorbs attacks. (AC +2,
                  | EV +2) [Jiyva's grace]
  1173 | D:4      | Gained mutation: Your gelatinous body deflects attacks. (AC
                  | +3, EV +3) [Jiyva's grace]
  1207 | D:4      | Found a white marble altar of Elyvilon.
  1249 | D:5      | Entered Level 5 of the Dungeon
  1272 | D:5      | Reached XP level 7. HP: 46/57 MP: 8/8
  1602 | D:5      | Noticed a water moccasin
  1611 | D:5      | Killed a water moccasin
  1612 | D:5      | Reached skill level 10 in Maces & Flails
  1729 | D:5      | Reached **** piety under Jiyva
  1758 | D:5      | Reached XP level 8. HP: 43/63 MP: 9/9
  1871 | D:6      | Found an ornate altar of the Wu Jian Council.
  1905 | D:6      | Noticed Edmund
  1917 | D:6      | Killed Edmund
  1966 | D:6      | Gained mutation: You passively map the area around you.
                  | [Meteoran growth]
  1966 | D:6      | Reached XP level 9. HP: 58/70 MP: 10/10
  2038 | D:6      | Found a staircase to the Ecumenical Temple.
  2065 | Temple   | Entered the Ecumenical Temple
  2301 | D:7      | Reached skill level 4 in Fighting
  2308 | D:7      | Identified the +6 ring mail of Wonawk {rElec rC- rCorr
                  | Int-2}
  2332 | D:7      | Reached ***** piety under Jiyva
  2418 | D:8      | Found a flagged portal.
  2434 | D:8      | Reached skill level 5 in Fighting
  2437 | D:8      | Reached skill level 6 in Fighting
  2456 | D:8      | Reached skill level 7 in Fighting
  2458 | D:8      | Reached XP level 10. HP: 55/86 MP: 11/11
  2464 | D:8      | Reached skill level 8 in Fighting
  2485 | Bailey   | Entered a bailey
  2493 | Bailey   | Gained mutation: Your spells are a little harder to cast,
                  | but a little more powerful. [Jiyva's grace]
  2493 | Bailey   | Gained mutation: Your spells are harder to cast, but more
                  | powerful. [Jiyva's grace]
  2493 | Bailey   | Gained mutation: Your spells are much harder to cast, but
                  | much more powerful. [Jiyva's grace]
  2493 | Bailey   | Gained mutation: Your muscles are strong. (Str +4, Int/Dex
                  | -1) [Jiyva's grace]
  2587 | Bailey   | Reached skill level 9 in Fighting
  2599 | Bailey   | Found a burning altar of Makhleb.
  2699 | D:8      | Found Doq Uheh's Weapon Boutique.
  2726 | D:8      | Reached skill level 10 in Fighting
  2974 | D:9      | Reached skill level 11 in Fighting
  3268 | D:9      | Reached XP level 11. HP: 104/104 MP: 12/12
  3299 | D:9      | Reached skill level 12 in Fighting
  3641 | D:10     | Entered Level 10 of the Dungeon
  3689 | D:10     | Reached ****** piety under Jiyva
  3728 | D:10     | Noticed Fannar
  3746 | D:10     | Killed Fannar
  3747 | D:10     | Reached skill level 13 in Fighting
  3760 | D:10     | Found a glowing silver altar of Zin.
  3863 | D:10     | Found an opulent altar of Gozag.
  4161 | D:10     | Lost mutation: Your muscles are strong. (Str +4, Int/Dex
                  | -1) [Jiyva's grace]
  4161 | D:10     | Lost mutation: Your gelatinous body deflects attacks. (AC
                  | +3, EV +3) [Jiyva's grace]
  4161 | D:10     | Gained mutation: You have a small jelly attached to you
                  | that may absorb projectiles. [Jiyva's grace]
  4161 | D:10     | Gained mutation: Your body has grown eyes which may confuse
                  | attackers. (Acc +3) [Jiyva's grace]
  4161 | D:10     | Gained mutation: Your body has grown many eyes which may
                  | confuse attackers. (Acc +5) [Jiyva's grace]
  4161 | D:10     | Gained mutation: Your body is covered in eyes which may
                  | confuse attackers. (Acc +7, SInv) [Jiyva's grace]
  4327 | D:11     | Found a staircase to the Lair.
  4333 | Lair:1   | Entered Level 1 of the Lair of Beasts
  4363 | Lair:1   | Noticed a boulder beetle
  4378 | Lair:1   | Killed a boulder beetle
  4495 | Lair:1   | Reached skill level 14 in Fighting
  4848 | Lair:1   | Glimpsed the power of Zot.
  4976 | Lair:3   | Reached skill level 15 in Fighting
  4997 | Lair:3   | Reached XP level 12. HP: 92/121 MP: 13/13
  5154 | Lair:3   | Reached skill level 16 in Fighting
  5209 | Lair:3   | Gained mutation: You are agile. (Dex +4, Str/Int -1)
                  | [Jiyva's grace]
  5209 | Lair:3   | Gained mutation: You are very agile. (Dex +8, Str/Int -2)
                  | [Jiyva's grace]
  5209 | Lair:3   | Gained mutation: You are partially covered in iridescent
                  | scales. (AC +2) [Jiyva's grace]
  5209 | Lair:3   | Gained mutation: You are mostly covered in iridescent
                  | scales. (AC +4) [Jiyva's grace]
  5218 | Lair:3   | Noticed Rupert
  5228 | Lair:3   | Killed Rupert
  5248 | Lair:4   | Noticed a six-headed hydra
  5254 | Lair:4   | Killed a six-headed hydra
  5255 | Lair:4   | Reached skill level 5 in Evocations
  5384 | Lair:5   | Entered Level 5 of the Lair of Beasts
  5398 | Lair:5   | Noticed a four-headed hydra
  5543 | Lair:5   | Reached XP level 13. HP: 124/128 MP: 14/14
  5570 | Lair:5   | Noticed a catoblepas
  5571 | Lair:5   | Reached skill level 5 in Armour
  5584 | Lair:5   | Killed a catoblepas
  5643 | Lair:5   | Noticed a seven-headed hydra
  5653 | Lair:5   | Killed a seven-headed hydra
  5702 | Lair:5   | Noticed a seven-headed hydra
  5709 | Lair:5   | Killed a seven-headed hydra
  5757 | Lair:5   | Reached skill level 10 in Armour
  5766 | Lair:5   | Noticed a fire dragon
  5771 | Lair:5   | Reached skill level 1 in Dodging
  5881 | Lair:5   | Found a large runed translucent door.
  5881 | Lair:5   | Found a large runed translucent door.
  5883 | Lair:5   | Noticed a six-headed hydra
  5890 | Lair:5   | Killed a six-headed hydra
  5908 | Lair:5   | Killed a fire dragon
  5909 | Lair:5   | Reached skill level 5 in Dodging
  6017 | Lair:4   | Noticed a death yak
  6022 | Lair:4   | Noticed a death yak
  6023 | Lair:4   | Noticed a death yak
  6024 | Lair:4   | Noticed a death yak
  6042 | Lair:3   | Killed a death yak
  6065 | Lair:3   | Killed a death yak
  6070 | Lair:3   | Killed a death yak
  6203 | Lair:2   | Reached XP level 14. HP: 137/137 MP: 15/15
  6301 | Lair:2   | Found a hole to the Spider Nest.
  6324 | Spider:1 | Entered Level 1 of the Spider Nest
  6393 | Spider:3 | Noticed a spark wasp
  6445 | Spider:3 | Killed a spark wasp
  6484 | Spider:3 | Lost mutation: You are very agile. (Dex +8, Str/Int -2)
                  | [Jiyva's grace]
  6484 | Spider:3 | Gained mutation: You have a small jelly attached to you
                  | that senses nearby items. [Jiyva's grace]
  6484 | Spider:3 | Gained mutation: You are completely covered in iridescent
                  | scales. (AC +6) [Jiyva's grace]
  6484 | Spider:3 | Gained mutation: You have a pair of small horns on your
                  | head. [Jiyva's grace]
  6484 | Spider:3 | Gained mutation: You have a pair of horns on your head.
                  | [Jiyva's grace]
  6486 | Spider:4 | Entered Level 4 of the Spider Nest
  6719 | Spider:4 | Noticed Roxanne
  6725 | Spider:4 | Paralysed by a jorogumo for 2 turns
  6922 | Spider:4 | Killed Roxanne
  6948 | Spider:4 | Reached skill level 10 in Dodging
  6965 | Spider:4 | Noticed an emperor scorpion
  6981 | Spider:4 | Killed an emperor scorpion
  7005 | Spider:4 | Noticed a broodmother
  7016 | Spider:4 | Killed a broodmother
  7017 | Spider:4 | Reached skill level 15 in Armour
  7017 | Spider:4 | Reached XP level 15. HP: 26/144 MP: 16/16
  7020 | Spider:4 | Paralysed by a jorogumo for 2 turns
  7022 | Spider:4 | HP: 6/144 [redback (3)]
  7023 | Spider:4 | Noticed a broodmother
  7026 | Spider:4 | Slain by a jorogumo

Illustrated notes

Levels and vault maps discovered:
D:1:      elethiomel_arrival_maze, layout_rooms,
          shapermc_ecumenical_altar_rom_forum
D:2:      layout_rooms, basic_altar, uniq_terence
D:3:      minmay_roachtagon, layout_basic, bloody_makhleb,
          mainiacjoe_overflow_brackets, lemuel_blue_sif_altar,
          general_overflow_altar, portal_sewer_entry_e, serial_shops,
          shop_statue, minmay_misc_feat_encased, uniq_natasha, uniq_ijyb,
          uniq_jessica
D:4:      layout_gridville, grunt_temple_overflow_open, lemuel_tele_altar,
          kennysheep_cross_bottleneck, kennysheep_nub
D:5:      layout_basic
D:6:      layout_loops_ring, nicolae_overflow_crystal_walls,
          minmay_temple_entry_sparse_star, nicolae_titane,
          uniq_crazy_yiuf_cottage, uniq_edmund
D:7:      layout_basic, nzn_hepliaklqana_mist_gate,
          nicolae_qazlal_scattered_showers
D:8:      layout_loops_ring, kennysheep_mini_moat, serial_shops,
          nicolae_shop_bloodbath_and_beyond, enter_bailey_2
D:9:      layout_loops_ring
D:10:     layout_basic, mainiacjoe_overflow_paths,
          nicolae_gozag_cash_rules_everything_around_me, uniq_fannar, uniq_sonja
D:11:     layout_small_grid, lair_entry_dummy, orc_0_dummy
Temple:   nicolae_temple_stand_before_the_council
Lair:1:   layout_layer_cave, grunt_megastairs_5
Lair:2:   layout_misc_corridors, palyth_hydra_swamp_entry,
          spider_nest_entry_funnel_web, serial_bayou_pond_c
Lair:3:   layout_chaotic_city, uniq_rupert
Lair:4:   layout_cave_shapes, dpeg_oklob_1
Lair:5:   cheibrodos_lair_end_hotspot, layout_regular_city,
          minmay_slime_entry_oklob_open, minivault_11, serial_bayou_shore_b,
          serial_bayou_shore_b
Spider:1: layout_spider_delve, uniq_donald, uniq_jorgrun
Spider:2: layout_chambers
Spider:3: layout_spider_delve, hellmonk_deceptive_appearances
Spider:4: hellmonk_spider_rune_endless_swarm,
          hangedman_spider_tarantella_strand, uniq_roxanne

Skill      XL: |  1  2  3  4  5  6  7  8  9 10 11 12 13 14 |
---------------+-------------------------------------------+-----
Maces & Flails | 3 4 5 6 7 8 10 12 14 | 14.0
Fighting       | 7 11 15 16 | 16.2
Evocations     | 9 |  9.0
Armour         | 4 11 15 | 15.0
Dodging        | 6 10 | 10.0
Shields        | |  3.6

Action                   |  1- 3 |  4- 6 |  7- 9 | 10-12 | 13-15 || total
-------------------------+-------+-------+-------+-------+-------++-------
Melee: Flail             |   101 |   135 |   151 |       |       ||   387
       Dire flail        |       |       |    91 |   382 |   407 ||   880
       Headbutt          |       |       |       |       |    45 ||    45
Throw: Boomerang         |       |       |       |     5 |       ||     5
Evoke: Wand              |       |       |       |     2 |     3 ||     5
       Condenser vane    |       |       |       |     1 |       ||     1
  Use: Potion            |       |       |     1 |     1 |     2 ||     4
       Scroll            |       |       |    11 |     5 |     2 ||    18
 Stab: Confused          |       |       |       |    13 |    39 ||    52
       Distracted        |       |       |       |       |     2 ||     2
Armor: Scale mail        |    68 |   110 |    82 |   118 |    80 ||   458
       Fire dragon scale |       |       |       |       |   128 ||   128
Dodge: Dodged            |    37 |    71 |    72 |   163 |   187 ||   530
Block: Buckler           |    21 |    38 |    27 |       |       ||    86
       Other             |       |       |       |       |    25 ||    25
       Reflection        |       |       |       |       |     1 ||     1

Table legend: (Time is in decaauts)
 A = Elapsed time spent in this place.
 B = Non-inter-level travel time spent in this place.
 C = Inter-level travel time spent in this place.
 D = Time resting spent in this place.
 E = Time spent auto-exploring this place.
 F = Levels seen in this place.
 G = Mean time per level.
                   A        B        C        D        E       F      G
               +--------+--------+--------+--------+--------+-----+--------+
         Total |   6740 |   6245 |    495 |      0 |   3396 |  22 |  306.4 |
       Dungeon |   4100 |   3880 |    220 |      0 |   2678 |  11 |  372.7 |
        Temple |     25 |     17 |      8 |      0 |      0 |   1 |   25.0 |
          Lair |   1834 |   1694 |    140 |      0 |    695 |   5 |  366.8 |
   Spider Nest |    634 |    508 |    126 |      0 |     18 |   4 |  158.5 |
        Bailey |    146 |    146 |      0 |      0 |      5 |   1 |  146.0 |
               +--------+--------+--------+--------+--------+-----+--------+

Top non-repeatable levels by time:
     D:9: 711 daAuts
    D:10: 610 daAuts
  Lair:1: 526 daAuts
     D:5: 517 daAuts
  Lair:5: 504 daAuts
     D:1: 494 daAuts
Spider:4: 489 daAuts
  Lair:3: 445 daAuts
     D:6: 368 daAuts
     D:3: 341 daAuts
     D:8: 326 daAuts
     D:4: 282 daAuts
  Lair:4: 219 daAuts
     D:7: 195 daAuts
     D:2: 184 daAuts
